 Dungeon Crawl Stone Soup version 0.29.1-2-gbd0b4ee654 (webtiles) character file.

Game seed: 8042943936201228017

299 concernfroge the Trooper (level 6, -2/53 HPs)
             Began as a Mummy Monk on Nov 20, 2022.
             Slain by a wraith (11 damage)
             ... in an ossuary.
             The game lasted 00:17:11 (3635 turns).

concernfroge the Trooper (Mummy Monk)               Turns: 3635, Time: 00:17:12

Health: -2/53      AC: 10    Str: 16    XL:     6   Next: 13%
Magic:  6/6        EV:  5    Int: 10    God:
Gold:   282        SH:  0    Dex: 14    Spells: 5/5 levels left

rFire   x . .      SeeInvis .   a - +0 spear
rCold   + . .      Faith    .   (no shield)
rNeg    + + +      Spirit   .   q - +0 plate armour
rPois   ∞          Reflect  .   (no helmet)
rElec   .          Harm     .   (no cloak)
rCorr   .          Rampage  .   (no gloves)
Will    .....                   (no boots)
Stlth   ..........              k - amulet of the acrobat
HPRegen 0.17/turn               (no ring)
MPRegen 0.10/turn               (no ring)

@: slowed, very slow
A: cold resistance 1, negative energy resistance 3, torment resistance 2, heat
vulnerability 1, in touch with death 1, no potions
a: no special abilities


You were in an ossuary.
You visited 1 branch of the dungeon, and saw 4 of its levels.
You also visited: Ossuary.

You collected 282 gold pieces.

Inventory:

Hand Weapons
 a - a +0 spear (weapon)
 b - a +2 vampiric dagger
Missiles
 c - 6 curare-tipped darts
 g - 4 javelins (quivered)
 m - 5 poisoned darts
Armour
 q - a +0 plate armour (worn)
Jewellery
 k - an amulet of the acrobat (around neck)
 n - an amulet of faith
 s - a +4 ring of protection
Wands
 u - a wand of charming (19)
 v - a wand of flame (25)
Scrolls
 d - a scroll of summoning
 e - 2 scrolls of teleportation
 f - 2 scrolls of enchant armour
 i - 2 scrolls of magic mapping {unknown}
 j - 2 scrolls of vulnerability
 l - 2 scrolls of noise {unknown}
 o - a scroll of blinking {unknown}
 p - a scroll of immolation {unknown}
 r - 3 scrolls of enchant weapon {unknown}
 t - a scroll of poison {unknown}
 w - a scroll of acquirement {unknown}


   Skills:
 + Level 6.9 Fighting
 - Level 2.4 Polearms
 - Level 2.4 Dodging
 - Level 1.5 Stealth


You had 5 spell levels left.
You didn't know any spells.
Your spell library was empty.

Dungeon Overview and Level Annotations

Branches:
Dungeon (4/15)            Ossuary (1/1)
 Temple: D:4-7

Altars:


Innate Abilities, Weirdness & Mutations

You are immune to poison.
Your flesh is cold resistant. (rC+)
You are immune to negative energy. (rN+++)
You are immune to unholy pain and torment.
You are vulnerable to heat. (rF-)
You are in touch with the powers of death.
You do not drink.


Message History

The wraith is lightly damaged.
Your mummy dissolves into shadows!
Your bullfrog skeleton completely misses the wraith.
The wraith hits you but does no damage.
Your bullfrog skeleton hits the wraith but does no damage.
The wraith hits you!
You hit the wraith but do no damage.
The wraith is lightly damaged.
Your bullfrog skeleton hits the wraith. x2
The wraith hits you but does no damage.
You hit the wraith but do no damage.
The wraith is heavily damaged.
Your bullfrog skeleton closely misses the wraith.
The wraith hits you.
Your bullfrog skeleton hits the wraith.
The wraith hits your bullfrog skeleton!
Your bullfrog skeleton is destroyed!
Your bullfrog skeleton dissolves into shadows!
Okay, then.
You hit the wraith but do no damage.
The wraith is heavily damaged.
The wraith hits you but does no damage.
You closely miss the wraith.
The wraith is heavily damaged.
The wraith hits you but does no damage. x2
You hit the wraith but do no damage.
The wraith is heavily damaged.
The wraith hits you but does no damage.
You hit the wraith but do no damage.
The wraith is heavily damaged.
The wraith hits you!
* * * LOW HITPOINT WARNING * * *
The wraith drains your vigour!
You feel as though you will be slow longer.
The wraith hits you.
* * * LOW HITPOINT WARNING * * *
The wraith drains your vigour!
You feel as though you will be slow longer.
As you read the scroll of summoning, it crumbles to dust.
Wisps of shadow whirl around you... The wraith hits you!
You die...

#...............#
#.###..!!...###.##
#.#z#...!...# #.'.
#.###....!..###.##
#...............#
#.###..###..###.#
#.#Z#..#z#..# #.#
#ZW##..###..# +.#
#@.Z......... ..#
#################


You could see a wraith (ally target), a friendly jelly zombie (summoned), a
friendly hound skeleton (summoned) and a friendly orc warrior skeleton
(summoned).

Vanquished Creatures
  6 adders
  An adder zombie (Ossuary)
  2 worms (D:2)
  4 dart slugs
  4 orcs (D:3)
  7 endoplasms
  A giant cockroach (D:1)
  7 hobgoblins
  4 kobolds (D:1)
  A quokka (D:3)
  7 ball pythons
  A ball python skeleton (Ossuary)
  11 bats
  4 frilled lizards
  7 goblins
  A hobgoblin zombie (Ossuary)
  2 kobold zombies (Ossuary)
  3 orc skeletons (Ossuary)
  2 orc zombies (Ossuary)
  11 rats
86 creatures vanquished.

Vanquished Creatures (collateral kills)
  A wraith (Ossuary)
1 creature vanquished.

Grand Total: 87 creatures vanquished

Notes
Turn   | Place    | Note
-------+----------+-------------------------------------------
     0 | D:1      | concernfroge the Mummy Monk began the quest for the Orb.
     0 | D:1      | Reached XP level 1. HP: 18/18 MP: 1/1
   275 | D:1      | Reached XP level 2. HP: 24/24 MP: 2/2
   583 | D:1      | Reached skill level 4 in Fighting
  1035 | D:1      | Gained mutation: You are in touch with the powers of death.
                  | [Mummy growth]
  1035 | D:1      | Reached XP level 3. HP: 30/30 MP: 3/3
  2243 | D:2      | Reached XP level 4. HP: 25/38 MP: 4/4
  2455 | D:2      | Reached skill level 5 in Fighting
  3200 | D:3      | Reached XP level 5. HP: 38/46 MP: 5/5
  3435 | D:4      | Found a sand-covered staircase.
  3449 | Ossuary  | Entered an ossuary
  3571 | Ossuary  | Noticed a wraith
  3571 | Ossuary  | Noticed a flying skull
  3578 | Ossuary  | Noticed a flying skull
  3607 | Ossuary  | Noticed a flying skull
  3608 | Ossuary  | Noticed a wraith
  3617 | Ossuary  | Killed a wraith
  3618 | Ossuary  | Reached skill level 6 in Fighting
  3618 | Ossuary  | Reached XP level 6. HP: 33/53 MP: 6/6
  3626 | Ossuary  | Noticed a wraith
  3635 | Ossuary  | Slain by a wraith

Illustrated notes

Levels and vault maps discovered:
D:1:      dpeg_arrival_rooms_b, layout_loops_cross, minmay_rat_gold_closets
D:2:      layout_loops_corners, minmay_puff
D:3:      layout_loops_corners, kennysheep_nondescript
D:4:      cheibrodos_helix_gallery, layout_basic,
          minmay_temple_entry_proselytizer, lightli_ossuary_entry_decrepit_ruins
Ossuary:  ossuary_due_cavern

Skill      XL: |  1  2  3  4  5 |
---------------+----------------+-----
Fighting       | 4 5 6 |  6.9
Polearms       | |  2.4
Dodging        | |  2.4
Stealth        | |  1.5

Action                   |  1- 3 |  4- 6 || total
-------------------------+-------+-------++-------
Melee: Spear             |   221 |    60 ||   281
       Dagger            |     9 |   144 ||   153
       Punch             |     2 |     2 ||     4
  Use: Scroll            |       |     7 ||     7
 Stab: Sleeping          |     7 |       ||     7
       Distracted        |     1 |       ||     1
Armor: Robe              |    20 |       ||    20
       Chain mail        |    31 |       ||    31
       Plate armour      |    10 |   123 ||   133
       Leather armour    |     4 |       ||     4
Dodge: Dodged            |   102 |    62 ||   164
